 Dungeon Crawl Stone Soup version 0.18.1-48-g4cf74bf (webtiles) character file.

112 Heedrag the Conjurer (level 4, -2/24 HPs)
             Began as a Deep Elf Conjurer on July 29, 2016.
             Slain by a killer bee (4 damage)
             ... on level 4 of the Dungeon.
             The game lasted 00:04:37 (2589 turns).

Heedrag the Conjurer (Deep Elf Conjurer)            Turns: 2589, Time: 00:04:38

Health: -2/24      AC:  4    Str:  6    XL:     4   Next: 64%
Magic:  0/12       EV: 13    Int: 20    God:
Gold:   101        SH:  0    Dex: 15    Spells: 2 memorised, 8 levels left

rFire  . . .     SeeInvis .     i - +0 spear (curse)
rCold  . . .     Gourm    .     a - +0 robe
rNeg   . . .     Faith    .     (no shield)
rPois  .         Spirit   .     (no helmet)
rElec  .         Dismiss  .     (no cloak)
rCorr  .         Reflect  .     y - +0 pair of gloves
SustAt .         Harm     .     t - +0 pair of boots
MR     .....                    s - amulet of inaccuracy (curse)
Stlth  +.........               (no ring)
                                o - ring of loudness (curse)

@: lethally poisoned (-2 -> -17), not resistant to hostile enchantments, very
unstealthy
A: no striking features
a: no special abilities


You were on level 4 of the Dungeon.
You were not hungry.

You visited 1 branch of the dungeon, and saw 4 of its levels.

You collected 101 gold pieces.

Inventory:

Hand Weapons
 f - a +0 short sword
 i - a cursed +0 spear (weapon)
Armour
 a - a +0 robe (worn)
 t - a +0 pair of boots (worn)
 u - a +0 shield
 y - a +0 pair of gloves (worn)
Jewellery
 o - a cursed ring of loudness (left hand)
 s - a cursed amulet of inaccuracy (around neck)
Scrolls
 e - 4 scrolls of recharging {unknown}
 h - 7 scrolls of identify {unknown}
 j - a scroll of blinking {unknown}
 m - a scroll of immolation {unknown}
 n - a scroll of fog {unknown}
 x - 3 scrolls of enchant weapon {unknown}
 B - a scroll of magic mapping {unknown}
 C - a scroll of fear {unknown}
 D - 2 scrolls of teleportation {unknown}
 E - a scroll of remove curse {unknown}
Potions
 d - 2 potions of curing {unknown}
 l - 3 potions of heal wounds {unknown}
 q - a potion of might {unknown}
 v - a potion of brilliance {unknown}
 w - a potion of cancellation {unknown}
 z - 2 potions of degeneration {unknown}
 A - 2 potions of magic {unknown}
Books
 b - a book of Conjurations

   Spells                             Type                      Level
   a - Magic Dart                     Conjuration                  1
   b - Searing Ray                    Conjuration                  2
   c - Dazzling Spray                 Conjuration/Hexes            3
   d - Fulminant Prism                Conjuration/Hexes            4
   e - Iskenderun's Mystic Blast      Conjuration                  4
   f - Iskenderun's Battlesphere      Conjuration/Charms           5
Comestibles
 c - 2 bread rations
 g - 2 meat rations
 k - a slice of pizza
 p - 3 chunks of flesh
 r - a fruit


   Skills:
 - Level 2.4 Dodging
 - Level 2.4 Stealth
 + Level 4.5 Spellcasting
 * Level 6.0 Conjurations


You had 8 spell levels left.
You knew the following spells:

 Your Spells              Type           Power        Failure   Level  Hunger
a - Magic Dart            Conj           ####         1%          1    None
b - Dazzling Spray        Conj/Hex       ###...       12%         3    ##.....


Dungeon Overview and Level Annotations

Branches:
Dungeon (4/15)
 Temple: D:4-7

Altars:
Cheibriados
Elyvilon
Makhleb
Nemelex Xobeh
Yredelemnul
Zin


Message History

Ye feel sick.
Tha killer bee misses ye.
Tha killer bee closely misses ye.
Castin': Dazzlin' Spray Confirm wit' . or Enter, or press ? or * ta list all spells.
Aimin': Dazzlin' Spray
Press: ? - help, Shift-Dir - straight line, f/p - killer bee
Aim: a killer bee (moderately wounded) Tha spray o' energy hits tha killer bee.
Tha killer bee be severely wounded.
Tha killer bee be dazzled.
* * * LOW HITPOINT WARNIN'
* * * Ye feel sick.
Tha killer bee misses ye.
Tha killer bee closely misses ye.
Castin': Dazzlin' Spray Confirm wit' . or Enter, or press ? or * ta list all spells.
Ye dinnae haf enough magic ta cast tha spell.
Unknown command.
Ye completely miss tha killer bee.
Tha killer bee be severely wounded.
* * * LOW HITPOINT WARNIN'
* * * Ye feel sick.
Tha killer bee stin's ye.
Ye die...

...............##....#...
y..............##....#...
...............##....#...
...............##....#...
...............##....#...
...............##....#...
..###+####.##.###....#...
....#.####y##.###....#...
.......@yy..............
##.#.#.##..#.########...
#.##..#.########...
...................
.#+##..#.#########.#
.......##.# #..
........##.##########( ..
.........##.##.........
#####+#.#
#......................


You could see 3 killer bees.

Vanquished Creatures
  A gnoll (D:1)
  3 adders
  A worm (D:3)
  3 giant geckos
  5 orcs
  A ball python (D:3)
  9 bats
  A giant cockroach (D:1)
  7 goblins
  9 hobgoblins
  2 jackals (D:3)
  8 kobolds
  A quokka (D:2)
  A giant gecko skeleton (D:4)
  3 giant newts
  7 rats
62 creatures vanquished.

Notes
Turn   | Place    | Note
--------------------------------------------------------------
     0 | D:1      | Heedrag the Deep Elf Conjurer began the quest for the Orb.
     0 | D:1      | Reached XP level 1. HP: 10/10 MP: 6/6
   111 | D:1      | Reached XP level 2. HP: 15/15 MP: 5/8
   287 | D:1      | Reached skill level 5 in Conjurations
   412 | D:1      | Reached XP level 3. HP: 19/19 MP: 1/9
   417 | D:1      | Learned a level 3 spell: Dazzling Spray
   725 | D:2      | Found a sparkling altar of Nemelex Xobeh.
   985 | D:2      | Found a snail-covered altar of Cheibriados.
  1330 | D:2      | Found a white marble altar of Elyvilon.
  1385 | D:2      | Found a basalt altar of Yredelemnul.
  1797 | D:3      | Reached XP level 4. HP: 24/24 MP: 6/12
  2284 | D:3      | Noticed a cacodemon
  2287 | D:3      | Found a burning altar of Makhleb.
  2290 | D:3      | Found a glowing silver altar of Zin.
  2290 | D:3      | Noticed an angel
  2530 | D:4      | Reached skill level 6 in Conjurations
  2589 | D:4      | Slain by a killer bee

Skill      XL: |  1  2  3  4 |
---------------+-------------+-----
Conjurations   | 5 6 |  6.0
Spellcasting   | 4 |  4.5
Dodging        | |  2.4
Stealth        | |  2.4

Action                   |  1- 3 |  4- 6 || total
-------------------------+-------+-------++-------
Melee: Spear             |     2 |     1 ||     3
 Cast: Magic Dart        |    80 |    48 ||   128
       Dazzling Spray    |       |     4 ||     4
  Eat: Chunk             |     2 |     3 ||     5
Armor: Robe              |     1 |     1 ||     2
Dodge: Dodged            |     8 |    15 ||    23
